 Dungeon Crawl Stone Soup version 0.30-a0-341-g682706514a (webtiles) character file.

Game seed: 14356561767197444413

333 NinjaNoafa the Ducker (level 6, -3/47 HPs)
             Began as a Merfolk Gladiator on Nov 2, 2022.
             Slain by a two-headed ogre
             ... wielding a +0 giant spiked club
              (22 damage)
             ... on level 4 of the Dungeon.
             The game lasted 00:08:10 (3538 turns).

NinjaNoafa the Ducker (Merfolk Gladiator)           Turns: 3538, Time: 00:08:10

Health: -3/47      AC:  3    Str: 18    XL:     6   Next: 53%
Magic:  6/6        EV: 13    Int:  8    God:
Gold:   137        SH: 10    Dex: 20    Spells: 5/5 levels left

rFire   . . .      SeeInvis +    t - +3 dagger
rCold   . . .      Faith    .    p - +0 kite shield
rNeg    . . .      Spirit   .    g - +0 robe of Fashionability {Str+4 Dex+3 SInv}
rPois   .          Reflect  .    c - +0 helmet
rElec   .          Harm     .    (no cloak)
rCorr   .          Rampage  .    (no gloves)
Will    .....                    (no boots)
Stlth   +++.......               (no amulet)
HPRegen 0.27/turn                (no ring)
MPRegen 0.10/turn                (no ring)

@: no status effects
A: (nimble swimmer 2), mertail
a: no special abilities


You were on level 4 of the Dungeon.
You visited 2 branches of the dungeon, and saw 5 of its levels.

You collected 193 gold pieces.
You spent 56 gold pieces at shops.

Inventory:

Hand Weapons
 t - a +3 dagger (weapon)
Missiles
 d - a throwing net
 e - 27 stones
 q - 3 javelins (quivered)
Armour
 c - a +0 helmet (worn)
 g - the +0 robe of Fashionability (worn) {Str+4 Dex+3 SInv}
   (You found it on level 2 of the Dungeon)

   Str:       It affects your strength (+4).
   Dex:       It affects your dexterity (+3).
   SInv:      It lets you see invisible.
 p - a +0 kite shield (worn)
Wands
 a - a wand of roots (6)
 r - a wand of light (3)
Scrolls
 b - a scroll of brand weapon {unknown}
 h - a scroll of fear {unknown}
 i - a scroll of fog {unknown}
 j - a scroll of vulnerability {unknown}
 k - a scroll of teleportation {unknown}
 l - 2 scrolls of immolation {unknown}
 m - 5 scrolls of identify {unknown}
 n - a scroll of enchant armour {unknown}
 o - 2 scrolls of blinking {unknown}
Potions
 f - a potion of haste
 s - a potion of heal wounds {unknown}


   Skills:
 - Level 3.0 Fighting
 - Level 4.0 Short Blades
 - Level 2.0 Throwing
 - Level 5.0 Dodging
 - Level 4.0 Stealth
 + Level 4.0 Shields


You had 5 spell levels left.
You didn't know any spells.
Your spell library contained the following spells:

 Spells                   Type           Power      Damage    Failure   Level
 Apportation              Tloc           0%         N/A       78%         1
 Necrotise                Necr           0%         1d4       78%         1
 Summon Small Mammal      Summ           0%         N/A       78%         1


Dungeon Overview and Level Annotations

Branches:
Dungeon (4/15)             Temple (1/1) D:4

Altars:
Ashenzari
Elyvilon
Gozag
Hepliaklqana
Kikubaaqudgha
Nemelex Xobeh
Okawaru
Qazlal
Ru
Sif Muna
Trog
Vehumet
Wu Jian
Yredelemnul
Zin

Shops:
D:3 :(*=(   D:4 *(


Innate Abilities, Weirdness & Mutations

((You are very nimble when in or above water. (Stealth+, EV+, Speed+++)))
Your lower body shifts to a powerful aquatic tail in water.


Message History

The two-headed ogre barely misses you.
The two-headed ogre hits you with a +0 giant club.
You block the hobgoblin's attack.
There is an open door here.
You block the two-headed ogre's attack. The two-headed ogre closely misses you.
The two-headed ogre hits you with a +0 giant spiked club!!
The two-headed ogre barely misses you.
Things that are here:
a +0 dagger; a goblin corpse
There is an open door, spattered with blood here.
The goblin attacks as you move away! You block the goblin's attack.
Okay, then.
There is an open door here.
You throw a javelin.
The javelin pierces through the two-headed ogre.
The two-headed ogre is lightly wounded.
The javelin pierces through the goblin!
You kill the goblin!
Throw: 4 javelins
Press: ? - help, Q - select action, (/) - cycle Shift-Dir - straight line, f/p - two-headed ogre
Aim: a two-headed ogre, wielding a +0 giant spiked club and a +0 giant club (lightly wounded, 77% to hit)
You throw a javelin.
The javelin pierces through the two-headed ogre but does no damage.
The two-headed ogre is lightly wounded.
The two-headed ogre closely misses you.
The two-headed ogre hits you with a +0 giant club.
Aiming: Bolt of Light
Press: ? - help, Shift-Dir - straight line, f/p - two-headed ogre
Aim: a two-headed ogre, wielding a +0 giant spiked club and a +0 giant club (86% to hit)
Okay, then.
Aiming: Bolt of Light
Press: ? - help, Shift-Dir - straight line, f/p - two-headed ogre
Aim: a two-headed ogre, wielding a +0 giant spiked club and a +0 giant club (86% to hit)
The bolt of light hits the two-headed ogre!!
The two-headed ogre is moderately wounded.
The two-headed ogre is blinded.
The bolt of light hits the hobgoblin!
You kill the hobgoblin!
You block the two-headed ogre's attack.
The two-headed ogre hits you with a +0 giant club!!
You die...

.......###########..###......#
##
..##########....)##.......÷..#
#.....#...)'(....##^.##...##.#
##.####...)#..#..#...##...##.#
##.# #..O.#.....#...........#
##.# #..g.#.....##.....>....#
...#
##'#######'##..........####
#..#
#K..#....O.#..##...##....#
#..#
#.#.#....@.#..##...##..#.#
...# #.!.#..##..##.....)...##
#..####### #..##..##.#.##>.###
##....#| ..#......##.#∩....#
#.###.###..#......##.##.#.##
.# ##.##########.##.###.## .
#.# #..##.# #.# .# ##.#
#.....# #.# #.###.##
#.###.###.######.#


You could see a two-headed ogre (blind).

Vanquished Creatures
  A jelly (D:4)
  2 hounds (D:4)
  A gnoll bouda (D:4)
  2 iguanas (D:4)
  Robin (D:4)
  3 adders
  2 worms
  A dart slug (D:4)
  5 orcs
  3 ball pythons
  9 bats
  6 endoplasms
  5 giant cockroaches
  20 goblins
  13 hobgoblins
  6 jackals
  5 quokkas
  3 frilled lizards (D:1)
  16 kobolds
  6 rats
110 creatures vanquished.

Notes
Turn   | Place    | Note
-------+----------+-------------------------------------------
     0 | D:1      | NinjaNoafa the Merfolk Gladiator began the quest for the
                  | Orb.
     0 | D:1      | Reached XP level 1. HP: 16/16 MP: 1/1
   110 | D:1      | Reached skill level 1 in Stealth
   204 | D:1      | Reached XP level 2. HP: 22/22 MP: 2/2
   377 | D:1      | Reached XP level 3. HP: 25/27 MP: 3/3
   380 | D:1      | Found a faded altar of an unknown god.
   635 | D:1      | Reached skill level 5 in Dodging
  1241 | D:2      | Reached XP level 4. HP: 21/33 MP: 4/4
  1434 | D:2      | Identified the +0 robe of Fashionability {Str+4 Dex+3 SInv}
  1709 | D:3      | Found Hudelebawk's Book Emporium.
  2031 | D:3      | Found Catrez's Weapon Shop.
  2050 | D:3      | Found Rinwuemie's Jewellery Shoppe.
  2054 | D:3      | Found Diujeurph's Assorted Antiques.
  2208 | D:3      | Found Bifor's Weapon Boutique.
  2218 | D:3      | Bought 5 javelins for 56 gold pieces
  2382 | D:3      | Reached XP level 5. HP: 39/39 MP: 5/5
  2462 | D:4      | Found Omu Qui's Assorted Antiques.
  2482 | D:4      | Noticed Robin
  2502 | D:4      | Killed Robin
  2504 | D:4      | Found Tosuera's Distillery.
  2660 | D:4      | Noticed a +0 dagger
  2660 | D:4      | Noticed a +0 dagger
  2704 | D:4      | Reached skill level 1 in Shields
  2877 | D:4      | Found a staircase to the Ecumenical Temple.
  2950 | D:4      | Reached XP level 6. HP: 9/47 MP: 6/6
  3093 | D:4      | Found Maaxkah's Antique Weapon Boutique.
  3116 | Temple   | Entered the Ecumenical Temple
  3407 | D:4      | Noticed a two-headed ogre
  3538 | D:4      | Slain by a two-headed ogre

Illustrated notes

Levels and vault maps discovered:
D:1:      amcnicky_arrival_abandoned_market, layout_loops_ring,
          hellmonk_ecumenical_altar_pennies_from_heaven, roderic_lattice_a,
          minivault_27
D:2:      layout_loops_cross
D:3:      layout_loops_ring, serial_shops, nicolae_square_shop,
          nicolae_shop_competitors_out_of_business, nicolae_diamond_shop,
          shop_fountains, shop
D:4:      minmay_clustersquares, layout_loops_ring, kennysheep_little_box,
          dancing_weapons_uskayaw, minmay_temple_entry_stoned_glass,
          serial_shops, shop, shop, nicolae_stop_n_shop_1,
          nicolae_shop_window_shopping, nicolae_stop_n_shop_2,
          kennysheep_cluttered_room, minmay_small_thing, uniq_robin
Temple:   bh_familiar_temple

Skill      XL: |  1  2  3  4  5  6 |
---------------+-------------------+-----
Stealth        | 1 2 3 4 |  4.0
Dodging        | 5 |  5.0
Short Blades   | 4 |  4.0
Fighting       | 3 |  3.0
Shields        | 3 4 |  4.0
Throwing       | |  2.0

Action                   |  1- 3 |  4- 6 || total
-------------------------+-------+-------++-------
Melee: Rapier            |   108 |    94 ||   202
       Dagger            |       |   104 ||   104
       Falchion          |       |     6 ||     6
Throw: Javelin           |    12 |    13 ||    25
       Throwing net      |     2 |       ||     2
       Stone             |     9 |     1 ||    10
Evoke: Wand              |       |     1 ||     1
  Use: Potion            |     1 |     1 ||     2
 Stab: Sleeping          |     1 |     9 ||    10
Armor: Leather armour    |    26 |       ||    26
       Robe              |       |    29 ||    29
Dodge: Dodged            |    83 |   125 ||   208
Block: Kite shield       |       |    69 ||    69

Table legend: (Time is in decaauts)
 A = Elapsed time spent in this place.
 B = Non-inter-level travel time spent in this place.
 C = Inter-level travel time spent in this place.
 D = Time resting spent in this place.
 E = Time spent auto-exploring this place.
 F = Levels seen in this place.
 G = Mean time per level.
                   A        B        C        D        E       F      G
               +--------+--------+--------+--------+--------+-----+--------+
         Total |   3544 |   3466 |     78 |      0 |   2639 |   5 |  708.8 |
       Dungeon |   3363 |   3305 |     58 |      0 |   2484 |   4 |  840.8 |
        Temple |    181 |    161 |     20 |      0 |    155 |   1 |  181.0 |
               +--------+--------+--------+--------+--------+-----+--------+

Top non-repeatable levels by time:
     D:1: 959 daAuts
     D:4: 894 daAuts
     D:3: 755 daAuts
     D:2: 754 daAuts
  Temple: 181 daAuts
